 Dungeon Crawl Stone Soup version 0.28.0-43-g3370ac3207 (webtiles) character file.

Game seed: 6936694519670144694

488 NinjaNoafa the Skirmisher (level 7, -2/61 HPs)
             Began as a Hill Orc Monk on Mar 30, 2022.
             Was an Elder of Elyvilon.
             Slain by an unseen horror (4 damage)
             ... on level 5 of the Dungeon.
             The game lasted 00:29:31 (5423 turns).

NinjaNoafa the Skirmisher (Hill Orc Monk)           Turns: 5423, Time: 00:29:32

Health: -2/61      AC:  4    Str: 23    XL:     7   Next: 13%
Magic:  10/10      EV: 13    Int: 12    God:    Elyvilon [****..]
Gold:   30         SH:  0    Dex: 13    Spells: 9/10 levels left

rFire   . . .      SeeInvis .   x - +9 war axe of Biofusk {holy, Str+3}
rCold   . . .      Faith    +   (no shield)
rNeg    + . .      Spirit   .   q - +2 robe {rN+}
rPois   .          Reflect  .   (no helmet)
rElec   .          Harm     .   (no cloak)
rCorr   .          Rampage  .   (no gloves)
Will    .....                   (no boots)
Stlth   ++........              f - amulet of faith
HPRegen 0.20/turn               r - +6 ring of strength
MPRegen 0.12/turn               (no ring)

@: lethally poisoned (-2 -> -9), about to teleport
A: no striking features
a: Renounce Religion, Purification, Heal Other, Heal Self


You were on level 5 of the Dungeon.
You worshipped Elyvilon.
Elyvilon was greatly pleased with you.
You visited 1 branch of the dungeon, and saw 6 of its levels.

You collected 208 gold pieces.
You spent 178 gold pieces at shops.

Inventory:

Hand Weapons
 a - a +0 hand axe
 x - the +9 war axe of Biofusk (weapon) {holy, Str+3}
   (You bought it in a shop on level 5 of the Dungeon)

   It has been blessed by the Shining One to cause great damage to the undead
   and demons.
   Str:       It affects your strength (+3).
Missiles
 i - a boomerang (quivered)
 k - a javelin
 l - 139 stones
 m - 2 poisoned darts
 y - 4 silver javelins
Armour
 b - a +0 robe
 e - a +0 plate armour
 h - a +0 buckler
 j - a +0 leather armour
 q - a +2 robe of positive energy (worn)
 u - the +3 leather armour of Weirdness {rC+ Regen+}
   (You found it on level 3 of the Dungeon)

   rC:        It protects you from cold.
   Regen:     It increases your rate of health regeneration.
Jewellery
 f - an amulet of faith (around neck)
 r - a +6 ring of strength (left hand)
Wands
 v - a wand of acid (10)
Scrolls
 c - 2 scrolls of amnesia
 d - a scroll of noise
 g - 2 scrolls of teleportation
 o - a scroll of brand weapon {unknown}
 p - 2 scrolls of identify
 s - a scroll of fog {unknown}
 t - a scroll of holy word {unknown}
Potions
 n - 2 potions of brilliance
 w - a potion of mutation {unknown}


   Skills:
 * Level 5.4 Fighting
 + Level 5.2 Axes
 + Level 1.9 Throwing
 + Level 3.3 Dodging
 + Level 2.7 Stealth
 * Level 2.0 Spellcasting
 + Level 1.9 Conjurations


You had 9 spell levels left.
You knew the following spells:

 Your Spells              Type           Power      Damage    Failure   Level
a - Foxfire               Conj/Fire      12%        2x1d4     19%         1

Your spell library contained the following spells:

 Spells                   Type           Power      Damage    Failure   Level
 Beastly Appendage        Tmut           2%         N/A       26%         1
 Wereblood                Tmut           1%         N/A       38%         2
 Conjure Flame            Conj/Fire      3%         6-21      47%         3
 Inner Flame              Hex/Fire       1%         N/A       63%         3
 Spider Form              Tmut/Pois      1%         N/A       63%         3
 Flame Wave               Conj/Fire      3%         2d4       87%         4
 Fulminant Prism          Conj/Hex       1%         3d6       87%         4
 Iskenderun's Mystic Bla  Conj/Tloc      3%         2d3       87%         4
 Lee's Rapid Deconstruct  Erth           0%         3d5*      100%        5


Dungeon Overview and Level Annotations

Branches:
Dungeon (6/15)
 Temple: D:4-7

Altars:
Elyvilon
Trog
Yredelemnul

Shops:
D:5 *(

Annotations:
D:3 3 runed translucent doors, Zeld's ghost, amateur TeAE


Message History

There is a stone staircase leading up, spattered with blood here.
Something hits you.
The killer bee stings you but does no damage.
Something hits you!
* * * LOW HITPOINT WARNING * * *
The ufetubus hits you.
* * * LOW HITPOINT WARNING * * *
The ufetubus hits you but does no damage.
The killer bee stings you.
* * * LOW HITPOINT WARNING * * *
You climb upwards.
Reactivating autopickup.
There is a stone staircase leading down here.
There are monsters nearby!
Saving game... please wait.
Welcome back, NinjaNoafa the Hill Orc Monk.
Elyvilon says: Go forth and aid the weak!
Press ? for a list of commands and other information.
As you read the scroll labelled NIGALARPHAU, it crumbles to dust.
It is a scroll of identify.
g - 3 scrolls of teleportation Something hits you.
* * * LOW HITPOINT WARNING * * *
Deactivating autopickup; reactivate with Ctrl-A.
The killer bee stings you! Elyvilon protects you from harm!
You are lethally poisoned!
The killer bee poisons you! The ufetubus closely misses you.
The ufetubus misses you. The killer bee stings you.
* * * LOW HITPOINT WARNING * * *
Something hits you! Elyvilon protects you from harm!
The ufetubus hits you but does no damage.
The ufetubus closely misses you.
As you read the scroll of teleportation, it crumbles to dust.
You feel strangely unstable.
* * * LOW HITPOINT WARNING * * *
You feel very sick. Something hits you.
You die...

##............#
##............#
#............#
#...........##
..........## #
#.........# #
#......8.## #
######.......## .
######........8.@58#
..
.......#####....y.##
... ########
##...∩.# .... #
##....##..... #
#8.<.8...... #
##...#...... #
##8.##..... # ##.#
##### . #.##


You could see a killer bee and an ufetubus.

Vanquished Creatures
  An ice beast (D:5)
  2 phantoms
  A water moccasin skeleton (D:4)
  Jessica (D:2)
  5 adders
  A howler monkey skeleton (D:4)
  3 worms
  5 dart slugs
  4 orcs
  6 ball pythons
  7 endoplasms
  A giant cockroach (D:2)
  10 hobgoblins
  8 jackals
  8 kobolds
  5 quokkas
  3 bats
  7 frilled lizards
  8 goblins
  2 rats
  A bush (D:1)
  4 toadstools (D:1)
93 creatures vanquished.

Vanquished Creatures (others)
  4 foxfires (D:3)
  2 plants (D:1)
6 creatures vanquished.

Grand Total: 99 creatures vanquished

Notes
Turn   | Place    | Note
-------+----------+-------------------------------------------
     0 | D:1      | NinjaNoafa the Hill Orc Monk began the quest for the Orb.
     0 | D:1      | Reached XP level 1. HP: 19/19 MP: 1/1
   437 | D:1      | Prayed at the altar of an unknown god.
   437 | D:1      | Became a worshipper of Elyvilon the Healer
   437 | D:1      | Reached * piety under Elyvilon
   437 | D:1      | Reached ** piety under Elyvilon
   643 | D:1      | Reached XP level 2. HP: 22/27 MP: 2/2
   784 | D:1      | Reached *** piety under Elyvilon
  1129 | D:1      | Reached XP level 3. HP: 18/33 MP: 3/3
  2235 | D:2      | Noticed Jessica
  2254 | D:2      | Killed Jessica
  2255 | D:2      | Reached skill level 1 in Throwing
  2255 | D:2      | Reached XP level 4. HP: 21/40 MP: 4/4
  2844 | D:3      | Found a runed translucent gate.
  2844 | D:3      | Found a runed translucent gate.
  2844 | D:3      | Noticed Zeld's ghost (amateur TeAE)
  2845 | D:3      | Found a runed translucent gate.
  2887 | D:3      | Learned a level 1 spell: Foxfire
  3252 | D:3      | Reached skill level 1 in Conjurations
  3487 | D:3      | Reached XP level 5. HP: 47/47 MP: 6/6
  3572 | D:3      | Identified the +3 leather armour of Weirdness {rC+ Regen+}
  3584 | D:3      | Noticed a phantom
  3614 | D:3      | Killed a phantom
  3615 | D:3      | Reached skill level 1 in Spellcasting
  3837 | D:4      | Reached XP level 6. HP: 37/55 MP: 6/8
  3839 | D:4      | Reached **** piety under Elyvilon
  4516 | D:4      | Reached skill level 5 in Fighting
  4516 | D:4      | Reached skill level 5 in Axes
  4753 | D:4      | Found a bloodstained altar of Trog.
  4754 | D:4      | Found a basalt altar of Yredelemnul.
  4869 | D:5      | Entered Level 5 of the Dungeon
  4869 | D:5      | Found Vonomub's Antique Weapon Emporium.
  5233 | D:5      | Bought a smoking war axe for 178 gold pieces
  5233 | D:5      | Identified the +9 war axe of Biofusk {holy, Str+3} (You
                  | bought it in a shop on level 5 of the Dungeon)
  5245 | D:5      | Noticed an ice beast
  5253 | D:5      | Killed an ice beast
  5254 | D:5      | Reached XP level 7. HP: 61/61 MP: 8/10
  5319 | D:5      | Found Dasav's General Store.
  5403 | D:6      | Noticed a cyclops
  5422 | D:5      | Elyvilon protects you from harm!
  5422 | D:5      | Elyvilon protects you from harm!
  5423 | D:5      | HP: 2/61 [poisoned by a killer bee]
  5423 | D:5      | Slain by an unseen horror

Illustrated notes

Levels and vault maps discovered:
D:1:      ldierk_walled_garden_2, layout_rooms, basic_ecumenical_altar,
          chequers_serial_rivers_micro_c, lemuel_another_geyser
D:2:      layout_basic, kennysheep_jessica_study
D:3:      layout_basic, gammafunk_ghost_split, kennysheep_nub,
          minmay_misc_feat_tower, minmay_quantized
D:4:      layout_loops_ring, grunt_temple_overflow_open
D:5:      layout_cave_pods, serial_shops, nicolae_shop_waterfront,
          nicolae_stop_n_shop_2, nicolae_stop_n_shop_2, shop,
          nicolae_shop_statue_plus, uniq_edmund
D:6:      cheibrodos_fzero, layout_basic, gup_sewer_entry_spiral, serial_shops,
          nicolae_shop_trees

Skill      XL: |  1  2  3  4  5  6 |
---------------+-------------------+-----
Fighting       | 4 5 |  5.4
Throwing       | 1 |  1.9
Stealth        | 2 |  2.7
Conjurations   | 1 |  1.9
Dodging        | 3 |  3.3
Spellcasting   | 1 2 |  2.0
Axes           | 5 |  5.2

Action                   |  1- 3 |  4- 6 |  7- 9 || total
-------------------------+-------+-------+-------++-------
Melee: Hand axe          |   251 |   164 |       ||   415
       Punch             |     5 |     3 |       ||     8
       War axe           |       |     2 |     4 ||     6
Throw: Boomerang         |    16 |    16 |       ||    32
       Javelin           |    22 |    10 |       ||    32
       Dart              |     3 |    19 |       ||    22
       Stone             |       |     4 |       ||     4
 Cast: Foxfire           |       |     3 |       ||     3
  Use: Potion            |     1 |     3 |       ||     4
       Scroll            |     1 |     1 |     2 ||     4
 Stab: Sleeping          |       |     1 |       ||     1
Armor: Robe              |     6 |    41 |     6 ||    53
       Skin              |     2 |       |       ||     2
       Leather armour    |       |     5 |       ||     5
Dodge: Dodged            |    55 |   147 |    15 ||   217
Block: Buckler           |    15 |       |       ||    15
